XFBL
ST. LOUIS CARDINALS @ SAN DIEGO PADRES
05/20/1982
 
TOP OF THE 1ST
St. Louis Cardinals batting - Pitching for San Diego Padres : RHP Skip Lockwood
Pitching: RHP Skip Lockwood
Batting: SHB Otis Nixon 0-0: Fly out, F9 (Flyball, 9LS, EV 93.8 MPH)
Batting: SHB Billy E Smith 0-0: Ball
1-0: Called Strike
1-1: Called Strike
1-2: Ball
2-2: Ball
3-2: Foul Ball, location: 2F
3-2: Foul Ball, location: 2F
3-2: Base on Balls
Batting: RHB Sixto Lezcano 0-0: Ball
1-0: Foul Ball, location: 2F
1-1: Ball
2-1: Fielders Choice at 2nd, 6-4 (Groundball, 6, EV 100.6 MPH)
Batting: LHB Pat Putnam 0-0: Ball
1-0: Called Strike
1-1: Called Strike
1-2: Ground out 4-3 (Groundball, 4, EV 88.1 MPH)
Top of the 1st over - 0 runs, 0 hits, 0 errors, 1 left on base; St. Louis 0 - San Diego 0
BOTTOM OF THE 1ST
San Diego Padres batting - Pitching for St. Louis Cardinals : RHP John D'Acquisto
Pitching: RHP John D'Acquisto
Batting: RHB Bob Dernier 0-0: Foul Ball, location: 2F
0-1: Foul Ball, location: 2F
0-2: Ball
1-2: Foul Ball, location: 2F
1-2: Ground out 4-3 (Groundball, 4, EV 97.5 MPH)
Batting: RHB Joel Youngblood 0-0: Ball
1-0: DOUBLE (Line Drive, 9LM, EV 101.9 MPH)
Batting: RHB Dennis Dungy 0-0: Called Strike
0-1: Ball
1-1: Foul Ball, location: 2F
1-2: Foul Ball, location: 2F
1-2: Ball
2-2: Ball
3-2: Foul Ball, location: 2F
3-2: Fly out, F3 (Flyball, 34D, EV 85.0 MPH)
Batting: RHB Kelvin Moore 0-0: Swinging Strike
0-1: Ball
1-1: SINGLE (Flyball, 3D, EV 91.3 MPH)
Joel Youngblood to third
Runner from 3rd tries for Home, SAFE, throw by RF to home
Kelvin Moore to second
Batting: LHB Jerry McDonald 0-0: Ball
1-0: Called Strike
1-1: Ball
2-1: Ball
3-1: Base on Balls
Batting: LHB Chris Chambliss 0-0: Foul Ball, location: 2F
0-1: Ball
1-1: Foul Ball, location: 2F
1-2: Ball
Wild Pitch!
Kelvin Moore to third
Jerry McDonald to second
2-2: Foul Ball, location: 2F
2-2: Ball
3-2: Base on Balls
Batting: RHB Eddy Martinez 0-0: Foul Ball, location: 2F
0-1: Foul Ball, location: 2F
0-2: Ball
1-2: Foul Ball, location: 2F
1-2: Foul Ball, location: 2F
1-2: Ground out 1-3 (Groundball, 13S, EV 66.3 MPH)
Bottom of the 1st over - 1 run, 2 hits, 0 errors, 3 left on base; St. Louis 0 - San Diego 1
TOP OF THE 2ND
St. Louis Cardinals batting - Pitching for San Diego Padres : RHP Skip Lockwood
Batting: RHB Bob Watson 0-0: Ball
1-0: Fly out, F8 (Flyball, 8LS, EV 85.6 MPH)
Batting: LHB Mike Davis 0-0: SINGLE (Groundball, 5S, EV 61.3 MPH) (infield hit)
Batting: RHB Joe Torre 0-0: Swinging Strike
0-1: Called Strike
0-2: Ball
1-2: Ground out U3 (Groundball, 23, EV 86.3 MPH)
Mike Davis to second
Batting: LHB Jim Gantner 0-0: Ball
1-0: Called Strike
1-1: Fly out, F7 (Flyball, 7S, EV 85.6 MPH)
Top of the 2nd over - 0 runs, 1 hit, 0 errors, 1 left on base; St. Louis 0 - San Diego 1
BOTTOM OF THE 2ND
San Diego Padres batting - Pitching for St. Louis Cardinals : RHP John D'Acquisto
Batting: LHB Jeffrey Zitek 0-0: Ground out 1-3 (Groundball, 13, EV 67.5 MPH)
Batting: RHB Skip Lockwood 0-0: Fly out, F8 (Flyball, 8RM, EV 83.1 MPH)
Batting: RHB Bob Dernier 0-0: Called Strike
0-1: Ball
1-1: Ball
2-1: Ball
3-1: Ground out 5-3 (Groundball, 56S, EV 85.6 MPH)
Bottom of the 2nd over - 0 runs, 0 hits, 0 errors, 0 left on base; St. Louis 0 - San Diego 1
TOP OF THE 3RD
St. Louis Cardinals batting - Pitching for San Diego Padres : RHP Skip Lockwood
Batting: RHB John D'Acquisto 0-0: Called Strike
0-1: Fly out, F8 (Flyball, 8LD, EV 105.0 MPH)
Batting: SHB Otis Nixon 0-0: Swinging Strike
0-1: SINGLE (Groundball, 6MD, EV 97.5 MPH)
Batting: SHB Billy E Smith 0-0: Called Strike
0-1: Ball
Otis Nixon steals 2nd base (no throw)
1-1: Ball
2-1: Foul Ball, location: 2F
2-2: SINGLE (Groundball, 34, EV 102.5 MPH)
Otis Nixon to third
Runner from 3rd tries for Home, SAFE, throw by RF to home
Batting: RHB Sixto Lezcano 0-0: Ball
Billy E Smith steals 2nd base
1-0: Foul Ball, location: 2F
1-1: Ball
2-1: Foul Ball, location: 2F
2-2: SINGLE (Line Drive, 8RS, EV 88.8 MPH)
Billy E Smith to third
Runner from 3rd tries for Home, SAFE, throw by CF to home
Batting: LHB Pat Putnam 0-0: Ball
1-0: Called Strike
Sixto Lezcano steals 2nd base
1-1: Ball
2-1: Ball
3-1: Foul Ball, location: 2F
3-2: DOUBLE (Line Drive, 9LM, EV 97.5 MPH)
Sixto Lezcano scores
Batting: RHB Bob Watson 0-0: Ball
1-0: DOUBLE (Line Drive, 9D, EV 95.6 MPH)
Pat Putnam scores
Batting: LHB Mike Davis 0-0: Ball
1-0: Ball
2-0: Called Strike
2-1: SINGLE (Groundball, 56D, EV 111.3 MPH)
Bob Watson to third
Runner from 3rd tries for Home, SAFE, throw by LF to home
Batting: RHB Joe Torre 0-0: Called Strike
Mike Davis steals 2nd base (no throw)
0-1: Ball
1-1: Called Strike
1-2: 2-RUN HOME RUN (Flyball, 78XD, EV 100.6 MPH), Distance : 422 ft
Pitching: RHP Luis Gutierrez
Batting: LHB Jim Gantner 0-0: Foul Ball, location: 2F
0-1: Swinging Strike
0-2: Ball
1-2: Strikes out swinging
Batting: RHB John D'Acquisto 0-0: Ball
1-0: Ball
2-0: Ground out 6-3 (Groundball, 6, EV 86.9 MPH)
Top of the 3rd over - 7 runs, 7 hits, 0 errors, 0 left on base; St. Louis 7 - San Diego 1
BOTTOM OF THE 3RD
San Diego Padres batting - Pitching for St. Louis Cardinals : RHP John D'Acquisto
Batting: RHB Joel Youngblood 0-0: Called Strike
0-1: Ground out 4-3 (Groundball, 4, EV 101.9 MPH)
Batting: RHB Dennis Dungy 0-0: Ball
1-0: Ball
2-0: Called Strike
2-1: Called Strike
2-2: Ball
3-2: Strikes out swinging
Batting: RHB Kelvin Moore 0-0: Ball
1-0: Fly out, F8 (Flyball, 8RD, EV 85.0 MPH)
Bottom of the 3rd over - 0 runs, 0 hits, 0 errors, 0 left on base; St. Louis 7 - San Diego 1
TOP OF THE 4TH
St. Louis Cardinals batting - Pitching for San Diego Padres : RHP Luis Gutierrez
Batting: SHB Otis Nixon 0-0: Ball
1-0: Foul Ball, location: 2F
1-1: SINGLE (Groundball, 56D, EV 97.5 MPH)
Batting: SHB Billy E Smith 0-0: Ball
1-0: Ball
2-0: Called Strike
2-1: Ball
3-1: Base on Balls
Otis Nixon to second
Batting: RHB Sixto Lezcano 0-0: Foul Ball, location: 2F
0-1: Ball
1-1: Ball
2-1: Called Strike
2-2: Ball
3-2: Fielders Choice at 2nd, 6-4 (Groundball, 6, EV 89.4 MPH)
Otis Nixon to third
Batting: LHB Pat Putnam 0-0: Called Strike
Sixto Lezcano steals 2nd base
0-1: Foul Ball, location: 2F
0-2: Ball
1-2: SINGLE (Groundball, 56D, EV 102.5 MPH)
Otis Nixon scores
Sixto Lezcano to third
Runner from 3rd tries for Home, SAFE, throw by LF to home
Pat Putnam to second
Batting: RHB Bob Watson 0-0: Called Strike
0-1: Foul Ball, location: 2F
0-2: Strikes out swinging
Batting: LHB Mike Davis 0-0: Called Strike
0-1: Foul Ball, location: 2F
0-2: Ball
1-2: Foul Ball, location: 2F
1-2: Ball
2-2: Ball
3-2: Base on Balls
Batting: RHB Joe Torre 0-0: Ball
1-0: Ball
2-0: Foul Ball, location: 2F
2-1: Foul Ball, location: 2F
2-2: Foul Ball, location: 2F
2-2: SINGLE (Line Drive, 5L, EV 99.4 MPH)
Pat Putnam to third
Mike Davis to second
Runner from 3rd tries for Home, SAFE, throw by LF to home
Batting: LHB Jim Gantner 0-0: Ball
1-0: Ball
2-0: Called Strike
2-1: Fly out, F7 (Flyball, 7S, EV 87.5 MPH)
Top of the 4th over - 3 runs, 3 hits, 0 errors, 2 left on base; St. Louis 10 - San Diego 1
BOTTOM OF THE 4TH
San Diego Padres batting - Pitching for St. Louis Cardinals : RHP John D'Acquisto
Batting: LHB Jerry McDonald 0-0: Ball
1-0: Ball
2-0: Called Strike
2-1: Foul Ball, location: 2F
2-2: Fly out, F5 (Flyball, 5D, EV 81.3 MPH)
Batting: LHB Chris Chambliss 0-0: Ball
1-0: Ball
2-0: Ball
3-0: Called Strike
3-1: Swinging Strike
3-2: Foul Ball, location: 2F
3-2: Base on Balls
Batting: RHB Eddy Martinez 0-0: Called Strike
0-1: Ball
1-1: Ball
2-1: Fly out, F8 (Flyball, 89M, EV 85.0 MPH)
Batting: LHB Jeffrey Zitek 0-0: Ball
1-0: Ball
2-0: Foul Ball, location: 2F
2-1: Foul Ball, location: 2F
2-2: Foul Ball, location: 2F
2-2: TRIPLE (Flyball, 89XD, EV 99.4 MPH)
Chris Chambliss scores
Batting: LHB Luis Gutierrez 0-0: Fly out, F9 (Line Drive, 9D, EV 86.3 MPH)
Bottom of the 4th over - 1 run, 1 hit, 0 errors, 1 left on base; St. Louis 10 - San Diego 2
TOP OF THE 5TH
St. Louis Cardinals batting - Pitching for San Diego Padres : RHP Luis Gutierrez
Batting: RHB John D'Acquisto 0-0: Ball
1-0: Ball
2-0: Ball
3-0: Called Strike
3-1: Foul Ball, location: 2F
3-2: Base on Balls
Batting: SHB Otis Nixon 0-0: Called Strike
0-1: Ball
1-1: Foul Ball, location: 2F
1-2: Strikes out swinging
Batting: SHB Billy E Smith 0-0: Ball
1-0: Ball
2-0: Called Strike
2-1: Ball
3-1: Swinging Strike
3-2: Base on Balls
John D'Acquisto to second
Batting: RHB Sixto Lezcano 0-0: Swinging Strike
0-1: Ball
1-1: Swinging Strike
1-2: Ball
2-2: Strikes out swinging
Batting: LHB Pat Putnam 0-0: Foul Ball, location: 2F
0-1: Ball
1-1: Swinging Strike
1-2: Ball
2-2: Ground out 4-3 (Groundball, 4, EV 101.3 MPH)
Top of the 5th over - 0 runs, 0 hits, 0 errors, 2 left on base; St. Louis 10 - San Diego 2
BOTTOM OF THE 5TH
San Diego Padres batting - Pitching for St. Louis Cardinals : RHP John D'Acquisto
Batting: RHB Bob Dernier 0-0: Foul Ball, location: 2F
0-1: Ball
1-1: Ball
2-1: Foul Ball, location: 2F
2-2: Foul Ball, location: 2F
2-2: Ground out 5-3 (Groundball, 56S, EV 89.4 MPH)
Batting: RHB Joel Youngblood 0-0: Called Strike
0-1: Called Strike
0-2: Ball
1-2: Strikes out swinging
Batting: RHB Dennis Dungy 0-0: Called Strike
0-1: Foul Ball, location: 2F
0-2: Fly out, F7 (Line Drive, 7D, EV 105.6 MPH)
Bottom of the 5th over - 0 runs, 0 hits, 0 errors, 0 left on base; St. Louis 10 - San Diego 2
TOP OF THE 6TH
St. Louis Cardinals batting - Pitching for San Diego Padres : RHP Luis Gutierrez
Batting: RHB Bob Watson 0-0: Ball
1-0: Ball
2-0: Called Strike
2-1: Ball
3-1: Foul Ball, location: 2F
3-2: Foul Ball, location: 2F
3-2: SOLO HOME RUN (Flyball, 7LD, EV 97.5 MPH), Distance : 358 ft
Batting: LHB Mike Davis 0-0: Ball
1-0: Foul Ball, location: 2F
1-1: Foul Ball, location: 2F
1-2: Foul Ball, location: 2F
1-2: Foul Ball, location: 2F
1-2: Ball
2-2: DOUBLE (Line Drive, 5D, EV 101.9 MPH)
Pitching: LHP Ed Vande Berg
Batting: RHB Joe Torre 0-0: 2-RUN HOME RUN (Flyball, 78XD, EV 100.0 MPH), Distance : 419 ft
Batting: LHB Jim Gantner 0-0: Called Strike
0-1: Foul Ball, location: 2F
0-2: Foul Ball, location: 2F
0-2: SINGLE (Groundball, 4MS, EV 66.9 MPH) (infield hit)
Batting: RHB John D'Acquisto 0-0: Bunt missed!
0-1: Bunted foul
0-2: Bunted foul, Strikeout!
Batting: SHB Otis Nixon 0-0: Ball
1-0: Foul Ball, location: 2F
1-1: Foul Ball, location: 2F
1-2: Strikes out swinging
Batting: SHB Billy E Smith Pickoff Throw to First - Out! 1-3
Top of the 6th over - 3 runs, 4 hits, 0 errors, 0 left on base; St. Louis 13 - San Diego 2
BOTTOM OF THE 6TH
San Diego Padres batting - Pitching for St. Louis Cardinals : RHP John D'Acquisto
Batting: RHB Kelvin Moore 0-0: Swinging Strike
0-1: Ball
1-1: Called Strike
1-2: Ground out 6-3 (Groundball, 6, EV 103.1 MPH)
Pitching: RHP Larry Yount
Batting: LHB Jerry McDonald 0-0: Ball
1-0: Called Strike
1-1: Swinging Strike
1-2: Strikes out swinging
Batting: LHB Chris Chambliss 0-0: Called Strike
0-1: Called Strike
0-2: Strikes out swinging
Bottom of the 6th over - 0 runs, 0 hits, 0 errors, 0 left on base; St. Louis 13 - San Diego 2
TOP OF THE 7TH
St. Louis Cardinals batting - Pitching for San Diego Padres : LHP Ed Vande Berg
Batting: SHB Billy E Smith 0-0: Ball
1-0: Called Strike
1-1: Ball
2-1: Ball
3-1: Foul Ball, location: 2F
3-2: Foul Ball, location: 2F
3-2: Strikes out swinging
Batting: RHB Sixto Lezcano 0-0: Ball
1-0: Fly out, F4 (Line Drive, 4, EV 72.5 MPH)
Batting: LHB Pat Putnam 0-0: Swinging Strike
0-1: Ball
1-1: Fly out, F8 (Flyball, 78D, EV 100.0 MPH)
Top of the 7th over - 0 runs, 0 hits, 0 errors, 0 left on base; St. Louis 13 - San Diego 2
BOTTOM OF THE 7TH
San Diego Padres batting - Pitching for St. Louis Cardinals : RHP Larry Yount
Batting: RHB Eddy Martinez 0-0: Fly out, F8 (Line Drive, 8LM, EV 103.1 MPH)
Batting: LHB Jeffrey Zitek 0-0: Swinging Strike
0-1: Swinging Strike
0-2: Ball
1-2: Strikes out swinging
Batting: RHB Ed Vande Berg 0-0: Ball
1-0: Called Strike
1-1: Foul Ball, location: 2F
1-2: Ball
2-2: Ball
3-2: Strikes out swinging
Bottom of the 7th over - 0 runs, 0 hits, 0 errors, 0 left on base; St. Louis 13 - San Diego 2
TOP OF THE 8TH
St. Louis Cardinals batting - Pitching for San Diego Padres : LHP Ed Vande Berg
Batting: RHB Bob Watson 0-0: Called Strike
0-1: Fly out, F8 (Flyball, 8LM, EV 95.6 MPH)
Pinch Hitting: RHB Brian Dayett 0-0: Ball
1-0: Ball
2-0: Foul Ball, location: 2F
2-1: Foul Ball, location: 2F
2-2: Ball
3-2: Foul Ball, location: 2F
3-2: Strikes out swinging
Batting: RHB Joe Torre 0-0: Ball
1-0: Called Strike
1-1: Ball
2-1: Foul Ball, location: 2F
2-2: Foul Ball, location: 2F
2-2: SINGLE (Popup, 4MD, EV 58.8 MPH)
Batting: LHB Jim Gantner 0-0: Foul Ball, location: 2F
0-1: Ball
1-1: Ball
2-1: Fly out, F7 (Flyball, 7S, EV 75.0 MPH)
Top of the 8th over - 0 runs, 1 hit, 0 errors, 1 left on base; St. Louis 13 - San Diego 2
BOTTOM OF THE 8TH
San Diego Padres batting - Pitching for St. Louis Cardinals : RHP Larry Yount
Now at C: Brian Dayett
Batting: RHB Bob Dernier 0-0: Ball
1-0: Foul Ball, location: 2F
1-1: Foul Ball, location: 2F
1-2: Fly out, F8 (Flyball, 8RD, EV 86.3 MPH)
Batting: RHB Joel Youngblood 0-0: Ball
1-0: Ball
2-0: Foul Ball, location: 2F
2-1: Ball
3-1: Foul Ball, location: 2F
3-2: Foul Ball, location: 2F
3-2: Ground out 3-1 (Groundball, 34, EV 86.3 MPH)
Batting: RHB Dennis Dungy 0-0: Ball
1-0: Called Strike
1-1: Swinging Strike
1-2: Ball
2-2: Ball
3-2: Hit by Pitch
Batting: RHB Kelvin Moore 0-0: Called Strike
0-1: Ball
1-1: Ground out 5-3 (Groundball, 15, EV 85.0 MPH)
Bottom of the 8th over - 0 runs, 0 hits, 0 errors, 1 left on base; St. Louis 13 - San Diego 2
TOP OF THE 9TH
St. Louis Cardinals batting - Pitching for San Diego Padres : LHP Ed Vande Berg
Batting: RHB Larry Yount 0-0: Ball
1-0: Swinging Strike
1-1: Ball
2-1: Called Strike
2-2: Foul Ball, location: 2F
2-2: Ball
3-2: Strikes out swinging
Pitching: LHP Jack W O'Connor
Batting: SHB Otis Nixon 0-0: Swinging Strike
0-1: Ball
1-1: Ball
2-1: Ground out 6-3 (Groundball, 4M, EV 79.4 MPH)
Batting: SHB Billy E Smith 0-0: Foul Ball, location: 2F
0-1: Ball
1-1: Ball
2-1: Called Strike
2-2: Strikes out looking
Top of the 9th over - 0 runs, 0 hits, 0 errors, 0 left on base; St. Louis 13 - San Diego 2
BOTTOM OF THE 9TH
San Diego Padres batting - Pitching for St. Louis Cardinals : RHP Larry Yount
Batting: LHB Jerry McDonald 0-0: Swinging Strike
0-1: Ball
1-1: Called Strike
1-2: Ball
2-2: Ball
3-2: Base on Balls
Batting: LHB Chris Chambliss 0-0: Ball
1-0: Foul Ball, location: 2F
1-1: Ball
Wild Pitch!
Jerry McDonald to second
2-1: Swinging Strike
2-2: SINGLE (Line Drive, 6M, EV 97.5 MPH)
Jerry McDonald to third
Batting: RHB Eddy Martinez 0-0: Ball
1-0: Ground out 6-3 (Groundball, P, EV 85.6 MPH)
Jerry McDonald scores
Chris Chambliss to second
Batting: LHB Jeffrey Zitek 0-0: Ball
Wild Pitch!
Chris Chambliss to third
1-0: Ball
2-0: Foul Ball, location: 2F
2-1: Swinging Strike
2-2: Ball
3-2: SINGLE (Line Drive, 9S, EV 106.9 MPH)
Chris Chambliss scores
Pinch Hitting: LHB Eric Attaway
Pitching: RHP Lary Sorensen 0-0: Called Strike
0-1: Swinging Strike
0-2: Foul Ball, location: 2F
0-2: Ball
1-2: Foul Ball, location: 2F
1-2: Ball
2-2: Fly out, F8 (Flyball, 8RM, EV 72.5 MPH)
Batting: RHB Bob Dernier 0-0: Ball
1-0: Swinging Strike
1-1: Called Strike
1-2: Strikes out looking
Bottom of the 9th over - 2 runs, 2 hits, 0 errors, 1 left on base; St. Louis 13 - San Diego 4
Friday, July 31st, 2020 - OOTP Baseball 21.5 Build 76